 Dungeon Crawl Stone Soup version 0.18.1-47-g9310371 (webtiles) character file.

51 sugabear the Slasher (level 3, 0/18 HPs)
             Began as a Vine Stalker Gladiator on June 15, 2016.
             Succumbed to an adder's poison
             ... on level 2 of the Dungeon.
             The game lasted 00:01:46 (964 turns).

sugabear the Slasher (Vine Stalker Gladiator)        Turns: 964, Time: 00:01:47

Health: 0/18       AC:  4    Str: 18    XL:     3   Next: 83%
Magic:  1/4        EV: 13    Int:  8    God:
Gold:   135        SH:  0    Dex: 14    Spells: 0 memorised, 2 levels left

rFire  + . .     SeeInvis .     a - +0 long sword
rCold  . . .     Gourm    .     b - +0 leather armour {rF+}
rNeg   . . .     Faith    .     (no shield)
rPois  .         Spirit   +     c - +0 helmet
rElec  .         Dismiss  .     (no cloak)
rCorr  .         Reflect  .     (no gloves)
SustAt .         Harm     .     (no boots)
MR     .....                    (no amulet)
Stlth  +.........               (no ring)
                                (no ring)

@: lethally poisoned (0 -> -9), not resistant to hostile enchantments, very
unstealthy
A: fangs 2, regeneration 1, magic shield, antimagic bite, no device heal 3, rot
immunity
a: no special abilities


You were on level 2 of the Dungeon.
You were not hungry.

You visited 1 branch of the dungeon, and saw 2 of its levels.

You collected 135 gold pieces.

Inventory:

Hand Weapons
 a - a +0 long sword (weapon)
Armour
 b - a +0 leather armour of fire resistance (worn)
 c - a +0 helmet (worn)
Scrolls
 l - 2 scrolls of remove curse {unknown}
 n - a scroll of immolation {unknown}
 p - a scroll of enchant weapon {unknown}
 s - a scroll of teleportation {unknown}
Potions
 e - 4 potions of curing {unknown}
 g - 2 potions of agility {unknown}
 h - a potion of magic {unknown}
 j - a potion of brilliance {unknown}
 k - a potion of lignification {unknown}
 m - a potion of might {unknown}
Comestibles
 f - 2 bread rations
 i - a slice of pizza
 o - 6 fruits
 q - 2 meat rations
 r - 2 chunks of flesh


   Skills:
 + Level 2.0 Fighting
 + Level 3.3 Long Blades
 + Level 1.8 Throwing
 + Level 0.4 Armour
 + Level 3.0 Dodging


You had 2 spell levels left.
You didn't know any spells.

Dungeon Overview and Level Annotations

Branches:
Dungeon (2/15)

Altars:


Innate Abilities, Weirdness & Mutations

You have extremely sharp teeth.
Your natural rate of healing is unusually fast.
When hurt, damage is shared between your health and your magic reserves.
Your bite disrupts and absorbs the magic of your enemies.
Potions and wands cannot restore your health.
You are immune to rotting.


Message History

Unknown command.
Throwing (i - inventory):
d - 2 throwing nets (quivered)
Press: ? - help, Shift-Dir - straight line, f/p - adder
Aim: an adder You throw a throwing net.
The throwing net misses the adder.
* * * LOW HITPOINT WARNING * * *
You feel sick. The adder closely misses you. x2
Throwing (i - inventory):
d - a throwing net (quivered)
Press: ? - help, Shift-Dir - straight line, f/p - adder
Aim: an adder You throw a throwing net.
The throwing net closely misses the adder.
* * * LOW HITPOINT WARNING * * *
You feel sick. The adder bites you.
* * * LOW HITPOINT WARNING * * *
You are more poisoned.
The adder poisons you! The adder bites you but does no damage.
You hit the adder.
The adder is lightly wounded.
You die...

............### !#
#######.##....## .#
#######.##.##..####.###
#.....).##.#..........##
#.######......(........#
..# #.#..............
### #.#..(.......)... ##
#.#.[............ .####
.#...>!.@.).$.$.
....####.#..>..SS.......
###......##..........?.#
###...####..........##
##....#.#....###.....##
...####.#.### #.....# ##
#.#.# #.....# .##
###...# #(....#
..###.....#


You could see 2 adders.

Vanquished Creatures
  2 adders (D:2)
  2 worms (D:2)
  A dart slug (D:1)
  2 giant cockroaches
  3 goblins (D:1)
  5 hobgoblins
  5 kobolds
  6 rats
26 creatures vanquished.

Notes
Turn   | Place    | Note
--------------------------------------------------------------
     0 | D:1      | sugabear the Vine Stalker Gladiator began the quest for the Orb.
     0 | D:1      | Reached XP level 1. HP: 11/11 MP: 2/2
    96 | D:1      | Reached XP level 2. HP: 13/15 MP: 3/3
   564 | D:2      | Reached XP level 3. HP: 6/18 MP: 4/4
   964 | D:2      | Succumbed to an adder's poison

Skill      XL: |  1  2  3 |
---------------+----------+-----
Long Blades    | 3 |  3.3
Fighting       | 2 |  2.0
Dodging        | 3 |  3.0
Throwing       | |  1.8
Armour         | |  0.4

Action                   || total
-------------------------++-------
Melee: Long sword        ||    93
       Bite              ||    24
Throw: Throwing net      ||     6
 Stab: Held in net/web   ||     1
Armor: Leather armour    ||    17
       Ring mail         ||     2
Dodge: Dodged            ||    69
